 Dungeon Crawl Stone Soup version 0.32-a0-814-g0968bab981 (webtiles) character file.

Game seed: 152678849553843891

352 BigDaddyOpFi the Ducker (level 6, -4/53 HPs)
             Began as a Ghoul Monk on Mar 22, 2024.
             Killed by divine providence
             ... invoked by an orc priest
              (12 damage)
             ... on level 4 of the Dungeon.
             The game lasted 00:05:29 (3544 turns).

BigDaddyOpFi the Ducker (Ghoul Monk)                Turns: 3544, Time: 00:05:30

Health: -4/53      AC:  9    Str: 17      XL:     6   Next: 62%
Magic:  6/6        EV:  7    Int:  9      God:
Gold:   164        SH:  0    Dex: 10 (11) Spells: 5/5 levels left

rFire   . .          .
                       - Unarmed
rCold   + . .        c - orb {light}
rNeg    + + +        r - +0 chain mail
rPois   ∞            k - +0 helmet
rElec   .            (no cloak)
rCorr   .            (no gloves)
SInv    .            (no boots)
Will    +....        (no amulet) Stlth
                     d - ring of flight
HPRegen 0.00/turn    f - ring of willpower
MPRegen 0.10/turn

%: no passive effects
@: flying, inhibited regen, glowing
A: claws 1, cold resistance 1, negative energy resistance 3, inhibited
regeneration, torment resistance 2, devour on kill
a: Convert to Beogh


You were on level 4 of the Dungeon.
You visited 1 branch of the dungeon, and saw 4 of its levels.

You collected 164 gold pieces.

Inventory:

Hand Weapons
 a - a +0 sling
Armour
 c - an orb of light (worn)
 h - an orb of mayhem
 k - a +0 helmet (worn)
 r - a +0 chain mail (worn)
Jewellery
 d - a ring of flight (left claw)
 f - a ring of willpower (right claw)
Scrolls
 e - a scroll of brand weapon
 g - 2 scrolls of enchant armour
 i - a scroll of noise
 j - a scroll of amnesia
 m - a scroll of poison
 p - a scroll of silence


   Skills:
 + Level 4.7 Fighting
 + Level 1.4 Armour
 * Level 4.8 Dodging
 + Level 4.7 Unarmed Combat


You had 5 spell levels left.
You didn't know any spells.
Your spell library contained the following spells:

 Spells                   Type           Power      Damage    Failure   Level
 Ensorcelled Hibernation  Hex/Ice        0%         N/A       100%        2
 Fugue of the Fallen      Necr           0%         N/A       100%        3
 Sigil of Binding         Hex            0%         N/A       100%        3
 Anguish                  Hex/Necr       0%         N/A       100%        4
 Death Channel            Necr           0%         N/A       100%        6
 Sculpt Simulacrum        Ice/Alch       0%         N/A       100%        6


Dungeon Overview and Level Annotations

Branches:
Dungeon (4/15)
 Temple: D:4-7

Altars:
Ashenzari
Gozag
Makhleb
Trog
Xom
Yredelemnul

Shops:
D:2 ?


Innate Abilities, Weirdness & Mutations

You are immune to poison.
You have sharp fingernails.
Your flesh is cold resistant. (rC+)
You are immune to negative energy. (rN+++)
You do not regenerate when monsters are visible.
You are immune to unholy pain and torment.
You thrive by killing the living.


Message History

You barely miss the orc priest.
The orc priest is severely wounded.
The orc hits you but does no damage. The orc priest barely misses you.
The orc priest misses you.
The orc priest shouts, "The Pantheon deserves no one's loyalty.
Let us show you the true path!"
You claw the orc priest!
You kill the orc priest!
The orc completely misses you.
The orc priest calls down the wrath of Beogh upon you.
Beogh smites you!
* * * LOW HITPOINT WARNING * * *
What are your orders? t - Shout!
Orders for allies: a - Attack new target. r - Retreat! s - Stop attacking. g - Guard the area. f - Follow me.
Anything else - Cancel.
Okay, then.
Okay, then.
Okay, then.
It was a potion of mutation.
You feel extremely strange.
Your body decomposes!
You feel clumsy. The orc hits you but does no damage.
The orc priest barely misses you. What are your orders? t - Shout!
Orders for allies: a - Attack new target. r - Retreat! s - Stop attacking. g - Guard the area. f - Follow me.
Anything else - Cancel.
You shout for attention!
The orc barely misses you.
The orc priest hits you with a +0 short sword.
* * * LOW HITPOINT WARNING * * *
As you read the scroll labelled GIUNWA OKOTT, it crumbles to dust.
You feel a surge of unholy energy.
The orc convulses!
The orc priest convulses!
It was a scroll of torment.
The orc closely misses you.
The orc priest mumbles some strange prayers to Beogh against you.
Beogh smites you!
You die...

#.# #.# #.#
############.#
#>......o)...#######
#.#######@.........###
... #.o........... ..#
#..........#####.#
####+#.........#.#
#.#.#######.#.# #.#.#
#.#.#
#.####.#.#######.#.#
...<................
######.#...#####.#.#


You could see an orc priest and an orc.

Vanquished Creatures
  An ogre (D:4)
  A bombardier beetle (D:3)
  2 orc priests (D:4)
  An orc wizard (D:3)
  Robin (D:3)
  4 adders
  A shadow imp (D:3)
  6 dart slugs
  A ribbon worm (D:4)
  4 orcs (D:3)
  6 ball pythons
  7 endoplasms
  2 giant cockroaches
  11 goblins
  7 hobgoblins
  4 kobolds
  4 quokkas
  8 bats
  8 frilled lizards
  5 rats
84 creatures vanquished.

Notes
Turn   | Place    | Note
-------+----------+-------------------------------------------
     0 | D:1      | BigDaddyOpFi the Ghoul Monk began the quest for the Orb.
     0 | D:1      | Reached XP level 1. HP: 19/19 MP: 1/1
   153 | D:1      | Reached XP level 2. HP: 26/26 MP: 2/2
   588 | D:1      | Reached XP level 3. HP: 31/31 MP: 3/3
  1290 | D:2      | Found a faded altar of an unknown god.
  1565 | D:2      | Reached XP level 4. HP: 40/40 MP: 4/4
  1580 | D:2      | Found Jodarut's Magic Scroll Shop.
  1852 | D:2      | Found a broken altar of Ashenzari.
  1958 | D:3      | Found an opulent altar of Gozag.
  2135 | D:3      | Found a bloodstained altar of Trog.
  2173 | D:3      | Reached XP level 5. HP: 40/46 MP: 5/5
  2481 | D:3      | Found a basalt altar of Yredelemnul.
  2482 | D:3      | Found a burning altar of Makhleb.
  2607 | D:3      | Noticed Robin
  2625 | D:3      | Killed Robin
  2854 | D:3      | Found a shimmering altar of Xom.
  3200 | D:4      | Noticed an ogre
  3229 | D:4      | Killed an ogre
  3230 | D:4      | Reached skill level 1 in Armour
  3230 | D:4      | Reached XP level 6. HP: 36/53 MP: 6/6
  3544 | D:4      | Killed from afar by an orc priest

Illustrated notes

Levels and vault maps discovered:
D:1:      nicolae_arrival_somewhat_less_tricky_arrival, layout_basic
D:2:      layout_basic, serial_shops, nicolae_shop_gibbet_a_chance, basic_altar,
          nicolae_ecumenical_pavilion
D:3:      layout_basic, lemuel_coloured_pillars_altar,
          chequers_temple_overflow_statue_of_worship,
          mainiacjoe_overflow_tiny_flanked, mainiacjoe_overflow_alcove_4,
          serial_co_window_serial, co_window_paths_a, co_window_cross_1,
          co_window_paths_b, co_window_corner_a, co_window_paths_b,
          co_window_corner_a, co_window_broadway_b, co_window_of_opportunity_b,
          co_window_paths_c, co_window_paths_c, co_window_broadway_b,
          co_window_broadway_b, co_window_paths_d, glass_columns_a,
          glass_columns_c, hangedman_abyss_or_decor_stabs,
          grunt_decor_one_mirror, uniq_robin
D:4:      layout_basic, kennysheep_nondescript, minmay_misc_feat_four_crosses

Skill      XL: |  1  2  3  4  5 |
---------------+----------------+-----
Dodging        | 3 4 |  4.8
Fighting       | 4 |  4.7
Unarmed Combat | 4 |  4.7
Armour         | 1 |  1.4

Action                     |  1- 3 |  4- 6 || total
---------------------------+-------+-------++-------
  Melee: Unarmed           |   104 |   135 ||   239
   Fire: Sling             |     1 |       ||     1
    Use: Scroll            |     1 |     6 ||     7
         Potion            |       |     5 ||     5
 Armour: Robe              |    46 |       ||    46
         Ring mail         |    15 |       ||    15
         Scale mail        |     1 |    26 ||    27
         Chain mail        |       |    61 ||    61
  Dodge: Dodged            |    54 |    56 ||   110

Table legend: (Time is in decaauts)
 A = Elapsed time spent in this place.
 B = Non-inter-level travel time spent in this place.
 C = Inter-level travel time spent in this place.
 D = Time resting spent in this place.
 E = Time spent auto-exploring this place.
 F = Levels seen in this place.
 G = Mean time per level.
                   A        B        C        D        E       F      G
               +--------+--------+--------+--------+--------+-----+--------+
         Total |   3505 |   3399 |    106 |     24 |   2776 |   4 |  876.2 |
       Dungeon |   3505 |   3399 |    106 |     24 |   2776 |   4 |  876.2 |
               +--------+--------+--------+--------+--------+-----+--------+

Top non-repeatable levels by time:
     D:1: 1283 daAuts
     D:3: 1195 daAuts
     D:2: 662 daAuts
     D:4: 362 daAuts
